Rangers vs Canadiens

Created - 21 janvier 2021 at 20:35

Goals
1 2 3 T
Rangers 1 1 0 2
Canadiens 1 1 1 3
Shots
1 2 3 T
Rangers 13 11 11 35
Canadiens 8 18 12 38

1st period

1. Canadiens , Loui Eriksson 3 (Tyson Jost 7, Nick Shore 3) at 10:31
2. Rangers , Alexander Radulov 16 (Connor McDavid 42) at 14:01 (PP)

Penalties :
Artturi Lehkonen (MTL) for Diving (Minor) at 3:39, Karl Alzner (MTL) for Interference (Minor) at 13:59

2nd period

3. Rangers , Dmitry Kulikov 3 (Zach Hyman 20, Connor McDavid 43) at 7:30
4. Canadiens , Auston Matthews 20 (Patrick Kane 33, Cam Fowler 25) at 12:00

Penalties :
Patrick Kane (MTL) for Holding (Minor) at 8:35, Erik Cernak (NYR) for Roughing (Minor) at 12:05, Matt Niskanen (NYR) for Tripping (Minor) at 15:25

3rd period

5. Canadiens , Auston Matthews 21 (Patrick Kane 34) at 1:02

Penalties :
Auston Matthews (MTL) for Holding (Minor) at 2:04, Greg Pateryn (NYR) for Hooking (Minor) at 11:51, Erik Cernak (NYR) for Elbowing (Minor) at 18:51

Goalie Stats

Joonas Korpisalo (NYR), 35 saves from 38 shots - (0,921), L, 11-6-0, 60:00 minutes
Tuukka Rask (MTL), 33 saves from 35 shots - (0,943), W, 14-9-1, 60:00 minutes

Players Stats for Rangers

Player Name              G  A  P  +/- PIM S  H  SB GA TA FO     MP     PP MP  PK MP  
------------------------------------------------------------------------------------
Alexander Radulov        1  0  1  -1  0   4  0  1  0  0  1/1    18:06   2:25   0:00 
Andrew Ladd              0  0  0  -1  0   2  1  0  0  0  2/4    17:53   3:15   0:00 
Brandon Pirri            0  0  0   0  0   0  0  0  0  0  4/10    7:53   0:00   0:00 
Cal Clutterbuck          0  0  0   0  0   0  0  1  0  0  0/0     5:15   0:00   0:00 
Cam Atkinson             0  0  0  -1  0   6  0  0  0  0  2/3    19:40   2:08   0:00 
Connor McDavid           0  2  2  -1  0   2  0  0  0  0  14/25  17:50   2:25   0:00 
David Savard             0  0  0   0  0   0  0  5  0  0  0/0    21:27   2:10   3:53 
Devin Shore              0  0  0   0  0   0  0  0  0  0  0/0    10:19   0:36   2:25 
Dmitry Kulikov           1  0  1   0  0   2  0  2  0  0  0/0    21:24   2:10   3:50 
Erik Cernak              0  0  0   0  4   1  1  1  0  0  0/0    12:00   0:00   0:14 
Greg McKegg              0  0  0   0  0   1  4  0  0  0  0/0     9:35   0:00   0:00 
Greg Pateryn             0  0  0   0  2   0  1  0  0  0  0/0    11:47   0:00   0:00 
Matt Niskanen            0  0  0  -2  2   1  4  0  0  0  0/0    26:05   3:49   2:33 
Milan Lucic              0  0  0   0  0   1  3  0  0  0  0/1     7:18   0:00   0:00 
Nick Bonino              0  0  0   0  0   2  0  1  0  0  11/23  14:10   0:19   4:16 
Nick Leddy               0  0  0  -2  0   1  1  3  0  0  0/0    27:13   3:49   3:40 
Noel Acciari             0  0  0  -1  0   4  4  0  0  0  17/29  21:17   3:15   2:49 
Zach Hyman               0  1  1  -1  0   8  1  0  0  0  1/2    23:39   3:34   4:40 

Players Stats for Canadiens

Player Name              G  A  P  +/- PIM S  H  SB GA TA FO     MP     PP MP  PK MP  
------------------------------------------------------------------------------------
Artturi Lehkonen         0  0  0   0  2   1  0  0  0  0  0/1    10:03   0:00   1:41 
Auston Matthews          2  0  2   2  2   6  3  0  0  0  16/27  22:54   2:58   0:37 
Cam Fowler               0  1  1   1  0   0  3  4  0  0  0/0    24:05   3:34   2:27 
Colin White              0  0  0   0  0   1  0  0  0  0  4/9     8:23   0:00   0:00 
David Krejci             0  0  0   0  0   2  1  0  0  0  14/28  17:34   4:07   0:00 
Ilya Kovalchuk           0  0  0   0  0   0  3  0  0  0  0/0    17:34   4:07   0:00 
Ivan Provorov            0  0  0   0  0   6  2  1  0  0  0/0    24:40   3:34   3:32 
Jakob Silfverberg        0  0  0   0  0   4  1  2  0  0  1/4    20:05   4:07   2:31 
Josh Morrissey           0  0  0   0  0   1  3  2  0  0  0/0    24:37   3:31   3:32 
Karl Alzner              0  0  0   1  2   2  0  0  0  0  0/0    11:17   0:00   0:00 
Loui Eriksson            1  0  1   0  0   1  0  0  0  0  1/1     8:41   0:00   2:55 
Nate Schmidt             0  0  0   1  0   1  0  3  0  0  0/0    24:02   3:31   2:27 
Nick Shore               0  1  1   0  0   1  0  0  0  0  8/22    8:19   0:00   2:33 
Patrick Kane             0  2  2   2  2   4  0  0  0  0  1/1    22:17   2:58   0:00 
Teuvo Teravainen         0  0  0   2  0   4  1  0  0  0  1/4    22:18   2:58   0:00 
Travis Sanheim           0  0  0   1  0   1  0  0  0  0  0/0    11:18   0:00   0:00 
Tyson Jost               0  1  1   0  0   0  1  0  0  0  0/0     6:17   0:00   0:31 
Valeri Nichushkin        0  0  0   0  0   3  0  0  0  0  0/1     9:33   0:00   1:10 

3 Stars

1 - Auston Matthews (MTL)
2 - Tuukka Rask (MTL)
3 - Cam Fowler (MTL)

Power Play

Rangers - 1 on 4 Attempt(s) - 25,00%
Canadiens - 0 on 4 Attempt(s) - 0,00%

Penalty Kill

Rangers - 4 on 4 Attempt(s) - 100,00% - Score 0 goal in Penalty Kill
Canadiens - 3 on 4 Attempt(s) - 75,00% - Score 0 goal in Penalty Kill

Team Stat

Rangers - Hits : 20 - Faceoff Wins : 52 - Blocked Shots : 14 - Penalty Minutes : 8
Canadiens - Hits : 18 - Faceoff Wins : 46 - Blocked Shots : 12 - Penalty Minutes : 8

Official

Referees : Furman South and Steve Kozari
Linesman : Ryan Galloway and Luke Galvin

Game Notes

Cal Clutterbuck is injured at 10:54 of 2nd period (Right Leg)

Finance

Level 1 -- Attendance: 5985 (92,08%) -- Ticket Income 718 200 $
Level 2 -- Attendance: 5000 (100,00%) -- Ticket Income 425 000 $
Level 3 -- Attendance: 3054 (87,26%) -- Ticket Income 198 510 $
Level 4 -- Attendance: 2823 (53,40%) -- Ticket Income 56 460 $
Luxury Box -- Attendance: 930 (93,00%) -- Ticket Income 204 600 $
Game was played at the Bell Centre.
Total Attendance: 17792 (83,58%)
Total Ticket Income: 1 602 770 $
Other Income: 785 357 $
Total Income: 2 388 127 $

% Time on Ice - Rangers

Lines # - Real PCT - Wanted PCT - Time Play
Normal Forward
1 - 33% - 43% - 15:25
2 - 31% - 33% - 14:38
3 - 20% - 15% - 9:35
4 - 16% - 9% - 7:18
Normal Defense
1 - 42% - 44% - 19:44
2 - 33% - 33% - 15:24
3 - 25% - 23% - 11:48
4 - 0% - 0% - 0:00
PP Forward
1 - 40% - 53% - 2:25
2 - 60% - 47% - 3:34
PP Defense
1 - 64% - 53% - 3:49
2 - 36% - 47% - 2:10
PK Forward
1 - 60% - 55% - 4:16
2 - 40% - 45% - 2:49
PK Defense
1 - 52% - 55% - 3:40
2 - 48% - 45% - 3:25
PK3 Forward
1 - 0% - 55%
2 - 0% - 45%
PK3 Defense
1 - 0% - 55%
2 - 0% - 45%
44 Forward
1 - 0% - 55%
2 - 0% - 45%
44 Defense
1 - 0% - 55%
2 - 0% - 45%
Last Minute Offensive  - 0:00
Last Minute Defensive  - 0:00
Total
Forward - 60:00
Defense - 60:00

% Time on Ice - Canadiens

Lines # - Real PCT - Wanted PCT - Time Play
Normal Forward
1 - 41% - 40% - 19:20
2 - 29% - 30% - 13:27
3 - 18% - 20% - 8:23
4 - 12% - 10% - 5:46
Normal Defense
1 - 38% - 38% - 18:04
2 - 37% - 37% - 17:34
3 - 14% - 13% - 6:29
4 - 10% - 12% - 4:49
PP Forward
1 - 42% - 60% - 2:58
2 - 58% - 40% - 4:07
PP Defense
1 - 50% - 50% - 3:34
2 - 50% - 50% - 3:31
PK Forward
1 - 58% - 60% - 3:28
2 - 42% - 40% - 2:31
PK Defense
1 - 41% - 50% - 2:27
2 - 59% - 50% - 3:32
PK3 Forward
1 - 0% - 60%
2 - 0% - 40%
PK3 Defense
1 - 0% - 50%
2 - 0% - 50%
44 Forward
1 - 0% - 60%
2 - 0% - 40%
44 Defense
1 - 0% - 60%
2 - 0% - 40%
Last Minute Offensive  - 0:00
Last Minute Defensive  - 0:00
Total
Forward - 60:00
Defense - 60:00

Play-by-Play

1st period


0:01 of 1st period - Auston Matthews wins face-off versus Connor McDavid in neutral zone.
0:25 of 1st period - Shot by Connor McDavid.
0:25 of 1st period - Shot Misses the Net.
0:39 of 1st period - Shot by Auston Matthews.
0:39 of 1st period - Stopped by Joonas Korpisalo without a rebound.
0:40 of 1st period - Noel Acciari wins face-off versus David Krejci in Rangers zone.
1:09 of 1st period - Shot by Ivan Provorov.
1:09 of 1st period - Shot Hit the Post.
1:17 of 1st period - David Savard is hit by Ilya Kovalchuk and loses puck.
1:35 of 1st period - Icing by Dmitry Kulikov.
1:36 of 1st period - Noel Acciari wins face-off versus Nick Shore in Rangers zone.
2:32 of 1st period - Icing by Travis Sanheim.
2:33 of 1st period - Nick Shore wins face-off versus Connor McDavid in Canadiens zone.
3:14 of 1st period - Shot by Connor McDavid.
3:14 of 1st period - Shot Misses the Net.
3:39 of 1st period - Minor Penalty to Artturi Lehkonen for Diving.
3:40 of 1st period - Connor McDavid wins face-off versus Jakob Silfverberg in Canadiens zone.
3:40 of 1st period - Cam Atkinson is hit by Josh Morrissey and loses puck.
3:57 of 1st period - Shot by Cam Atkinson.
3:57 of 1st period - Shot Misses the Net.
3:59 of 1st period - Shot by Cam Atkinson.
3:59 of 1st period - Shot Blocked by Josh Morrissey.
4:01 of 1st period - Shot by Nick Leddy.
4:01 of 1st period - Shot Misses the Net.
4:05 of 1st period - Shot by Cam Atkinson.
4:05 of 1st period - Shot Misses the Net.
4:07 of 1st period - Shot by Nick Leddy.
4:07 of 1st period - Shot Blocked by Ivan Provorov.
4:09 of 1st period - Shot by Matt Niskanen.
4:09 of 1st period - Stopped by Tuukka Rask without a rebound.
4:10 of 1st period - Noel Acciari wins face-off versus Nick Shore in Canadiens zone.
5:47 of 1st period - Icing by Travis Sanheim.
5:48 of 1st period - David Krejci wins face-off versus Brandon Pirri in Canadiens zone.
5:55 of 1st period - Shot by David Krejci.
5:55 of 1st period - Stopped by Joonas Korpisalo without a rebound.
5:56 of 1st period - Nick Bonino wins face-off versus Colin White in Rangers zone.
6:04 of 1st period - Icing by Cal Clutterbuck.
6:05 of 1st period - Auston Matthews wins face-off versus Nick Bonino in Rangers zone.
6:20 of 1st period - Teuvo Teravainen is hit by Greg McKegg and loses puck.
6:43 of 1st period - Shot by Auston Matthews.
6:43 of 1st period - Shot Misses the Net.
7:29 of 1st period - Shot by Andrew Ladd.
7:29 of 1st period - Shot Misses the Net.
8:21 of 1st period - Shot by Connor McDavid.
8:21 of 1st period - Deflect By Zach Hyman.
8:21 of 1st period - Shot Misses the Net.
10:11 of 1st period - Shot by Auston Matthews.
10:11 of 1st period - Stopped by Joonas Korpisalo with a rebound.
10:13 of 1st period - Shot by Karl Alzner.
10:13 of 1st period - Shot Blocked by David Savard.
10:17 of 1st period - Shot by Patrick Kane.
10:17 of 1st period - Shot Misses the Net.
10:19 of 1st period - Shot by Karl Alzner.
10:19 of 1st period - Stopped by Joonas Korpisalo with a rebound.
10:21 of 1st period - Shot by Teuvo Teravainen.
10:21 of 1st period - Shot Misses the Net.
10:23 of 1st period - Shot by Karl Alzner.
10:23 of 1st period - Stopped by Joonas Korpisalo without a rebound.
10:24 of 1st period - Nick Shore wins face-off versus Connor McDavid in Rangers zone.
10:31 of 1st period - Shot by Loui Eriksson.
10:31 of 1st period - Goal by Loui Eriksson - Rangers : 0 - Canadiens : 1.
10:32 of 1st period - Auston Matthews wins face-off versus Connor McDavid in neutral zone.
10:52 of 1st period - Patrick Kane is hit by Matt Niskanen and loses puck.
11:08 of 1st period - Off-side.
11:09 of 1st period - Noel Acciari wins face-off versus David Krejci in neutral zone.
11:24 of 1st period - Shot by Jakob Silfverberg.
11:24 of 1st period - Shot Misses the Net.
11:31 of 1st period - Off-side.
11:32 of 1st period - Brandon Pirri wins face-off versus Nick Shore in neutral zone.
11:40 of 1st period - Ivan Provorov is hit by Milan Lucic and loses puck.
11:55 of 1st period - Icing by Josh Morrissey.
11:56 of 1st period - Alexander Radulov wins face-off versus Nick Shore in Canadiens zone.
12:01 of 1st period - Shot by Zach Hyman.
12:01 of 1st period - Stopped by Tuukka Rask without a rebound.
12:02 of 1st period - Connor McDavid wins face-off versus Auston Matthews in Canadiens zone.
12:09 of 1st period - Shot by Zach Hyman.
12:09 of 1st period - Shot Misses the Net.
12:34 of 1st period - Shot by Alexander Radulov.
12:34 of 1st period - Deflect By Zach Hyman.
12:34 of 1st period - Stopped by Tuukka Rask with a rebound.
12:36 of 1st period - Shot by Zach Hyman.
12:36 of 1st period - Stopped by Tuukka Rask without a rebound.
12:37 of 1st period - David Krejci wins face-off versus Andrew Ladd in Canadiens zone.
12:37 of 1st period - David Krejci is hit by Noel Acciari.
12:49 of 1st period - Shot by Noel Acciari.
12:49 of 1st period - Deflect By Cam Atkinson.
12:49 of 1st period - Stopped by Tuukka Rask with a rebound.
13:07 of 1st period - Shot by Andrew Ladd.
13:07 of 1st period - Stopped by Tuukka Rask with a rebound.
13:12 of 1st period - Cam Atkinson is hit by Josh Morrissey and loses puck.
13:39 of 1st period - Shot by Nate Schmidt.
13:39 of 1st period - Shot Blocked by Cal Clutterbuck.
13:48 of 1st period - Off-side.
13:49 of 1st period - Connor McDavid wins face-off versus Auston Matthews in neutral zone.
13:49 of 1st period - Alexander Radulov is hit by Auston Matthews and loses puck.
13:59 of 1st period - Minor Penalty to Karl Alzner for Interference.
14:00 of 1st period - Connor McDavid wins face-off versus Nick Shore in Canadiens zone.
14:01 of 1st period - Shot by Alexander Radulov.
14:01 of 1st period - Goal by Alexander Radulov - Rangers : 1 - Canadiens : 1.
14:02 of 1st period - Auston Matthews wins face-off versus Connor McDavid in neutral zone.
14:20 of 1st period - Shot by Auston Matthews.
14:20 of 1st period - Shot Misses the Net.
14:29 of 1st period - Connor McDavid is hit by Cam Fowler and loses puck.
14:32 of 1st period - Shot by Zach Hyman.
14:32 of 1st period - Stopped by Tuukka Rask without a rebound.
14:33 of 1st period - David Krejci wins face-off versus Noel Acciari in Canadiens zone.
14:33 of 1st period - David Krejci is hit by Andrew Ladd.
14:54 of 1st period - Icing by Dmitry Kulikov.
14:55 of 1st period - Noel Acciari wins face-off versus Colin White in Rangers zone.
15:02 of 1st period - Shot by Cam Atkinson.
15:02 of 1st period - Stopped by Tuukka Rask without a rebound.
15:03 of 1st period - Auston Matthews wins face-off versus Connor McDavid in Canadiens zone.
15:03 of 1st period - Auston Matthews is hit by Zach Hyman.
15:30 of 1st period - Shot by Alexander Radulov.
15:30 of 1st period - Stopped by Tuukka Rask without a rebound.
15:31 of 1st period - David Krejci wins face-off versus Andrew Ladd in Canadiens zone.
15:56 of 1st period - Shot by Jakob Silfverberg.
15:56 of 1st period - Stopped by Joonas Korpisalo without a rebound.
15:57 of 1st period - Zach Hyman wins face-off versus Auston Matthews in Rangers zone.
16:54 of 1st period - Icing by Noel Acciari.
16:55 of 1st period - Noel Acciari wins face-off versus David Krejci in Rangers zone.
17:06 of 1st period - Shot by Cam Atkinson.
17:06 of 1st period - Shot Blocked by Jakob Silfverberg.
17:17 of 1st period - Off-side.
17:18 of 1st period - Colin White wins face-off versus Brandon Pirri in neutral zone.
17:33 of 1st period - Shot by Milan Lucic.
17:33 of 1st period - Shot Misses the Net.
17:41 of 1st period - Shot by Milan Lucic.
17:41 of 1st period - Stopped by Tuukka Rask without a rebound.
17:42 of 1st period - Connor McDavid wins face-off versus David Krejci in Canadiens zone.
18:40 of 1st period - Icing by Nick Leddy.
18:41 of 1st period - Connor McDavid wins face-off versus Auston Matthews in Rangers zone.
18:59 of 1st period - Shot by Teuvo Teravainen.
18:59 of 1st period - Stopped by Joonas Korpisalo without a rebound.
19:00 of 1st period - Andrew Ladd wins face-off versus Artturi Lehkonen in Rangers zone.
19:09 of 1st period - Shot by Noel Acciari.
19:09 of 1st period - Shot Misses the Net.
19:17 of 1st period - Shot by Noel Acciari.
19:17 of 1st period - Stopped by Tuukka Rask with a rebound.
19:19 of 1st period - Shot by Noel Acciari.
19:19 of 1st period - Stopped by Tuukka Rask without a rebound.
19:20 of 1st period - Nick Bonino wins face-off versus Auston Matthews in Canadiens zone.
Goals for this period are 1 for Rangers vs 1 for Canadiens.
Shots for this period are 13 for Rangers vs 8 for Canadiens.

2nd period


0:01 of 2nd period - Connor McDavid wins face-off versus Teuvo Teravainen in neutral zone.
0:08 of 2nd period - Shot by Alexander Radulov.
0:08 of 2nd period - Shot Hit the Post.
0:18 of 2nd period - Shot by Patrick Kane.
0:18 of 2nd period - Deflect By Auston Matthews.
0:18 of 2nd period - Stopped by Joonas Korpisalo with a rebound.
1:24 of 2nd period - Shot by Ilya Kovalchuk.
1:24 of 2nd period - Shot Misses the Net.
1:30 of 2nd period - Shot by Jakob Silfverberg.
1:30 of 2nd period - Deflect By David Krejci.
1:30 of 2nd period - Stopped by Joonas Korpisalo without a rebound.
1:31 of 2nd period - Noel Acciari wins face-off versus Colin White in Rangers zone.
1:48 of 2nd period - Shot by Artturi Lehkonen.
1:48 of 2nd period - Shot Misses the Net.
1:58 of 2nd period - Shot by Noel Acciari.
1:58 of 2nd period - Deflect By Cam Atkinson.
1:58 of 2nd period - Stopped by Tuukka Rask without a rebound.
1:59 of 2nd period - Nick Shore wins face-off versus Brandon Pirri in Canadiens zone.
1:59 of 2nd period - Nick Shore is hit by Milan Lucic.
2:04 of 2nd period - Icing by Nate Schmidt.
2:05 of 2nd period - Nick Shore wins face-off versus Nick Bonino in Canadiens zone.
2:45 of 2nd period - Icing by Nate Schmidt.
2:46 of 2nd period - Noel Acciari wins face-off versus Nick Shore in Canadiens zone.
3:01 of 2nd period - Icing by Nate Schmidt.
3:02 of 2nd period - Loui Eriksson wins face-off versus Brandon Pirri in Canadiens zone.
3:02 of 2nd period - Loui Eriksson is hit by Milan Lucic.
3:32 of 2nd period - Brandon Pirri is hit by Ivan Provorov and loses puck.
4:48 of 2nd period - Shot by Cam Atkinson.
4:48 of 2nd period - Stopped by Tuukka Rask without a rebound.
4:49 of 2nd period - David Krejci wins face-off versus Nick Bonino in Canadiens zone.
5:15 of 2nd period - Shot by David Krejci.
5:15 of 2nd period - Shot Blocked by Nick Leddy.
5:17 of 2nd period - Shot by Nate Schmidt.
5:17 of 2nd period - Shot Misses the Net.
5:51 of 2nd period - Icing by Valeri Nichushkin.
5:52 of 2nd period - Colin White wins face-off versus Connor McDavid in Canadiens zone.
5:57 of 2nd period - Shot by Travis Sanheim.
5:57 of 2nd period - Shot Blocked by Alexander Radulov.
6:01 of 2nd period - Shot by Colin White.
6:01 of 2nd period - Shot Misses the Net.
6:03 of 2nd period - Shot by Artturi Lehkonen.
6:03 of 2nd period - Shot Misses the Net.
6:05 of 2nd period - Shot by Artturi Lehkonen.
6:05 of 2nd period - Deflect By Colin White.
6:05 of 2nd period - Stopped by Joonas Korpisalo without a rebound.
6:06 of 2nd period - Cam Atkinson wins face-off versus Nick Shore in Rangers zone.
6:13 of 2nd period - Shot by Andrew Ladd.
6:13 of 2nd period - Stopped by Tuukka Rask with a rebound.
6:34 of 2nd period - Shot by Cam Atkinson.
6:34 of 2nd period - Shot Misses the Net.
6:44 of 2nd period - Shot by Cam Atkinson.
6:44 of 2nd period - Shot Misses the Net.
6:58 of 2nd period - Shot by Alexander Radulov.
6:58 of 2nd period - Stopped by Tuukka Rask with a rebound.
7:08 of 2nd period - Shot by Zach Hyman.
7:08 of 2nd period - Stopped by Tuukka Rask with a rebound.
7:10 of 2nd period - Shot by Zach Hyman.
7:10 of 2nd period - Stopped by Tuukka Rask with a rebound.
7:12 of 2nd period - Shot by Dmitry Kulikov.
7:12 of 2nd period - Shot Misses the Net.
7:26 of 2nd period - Shot by Connor McDavid.
7:26 of 2nd period - Shot Blocked by Cam Fowler.
7:28 of 2nd period - Shot by Zach Hyman.
7:28 of 2nd period - Stopped by Tuukka Rask with a rebound.
7:30 of 2nd period - Shot by Dmitry Kulikov.
7:30 of 2nd period - Goal by Dmitry Kulikov - Rangers : 2 - Canadiens : 1.
7:31 of 2nd period - Auston Matthews wins face-off versus Brandon Pirri in neutral zone.
7:43 of 2nd period - Patrick Kane is hit by Matt Niskanen and loses puck.
7:57 of 2nd period - Shot by Patrick Kane.
7:57 of 2nd period - Stopped by Joonas Korpisalo without a rebound.
7:58 of 2nd period - Noel Acciari wins face-off versus David Krejci in Rangers zone.
8:03 of 2nd period - Shot by Cam Atkinson.
8:03 of 2nd period - Shot Blocked by Jakob Silfverberg.
8:21 of 2nd period - Shot by Jakob Silfverberg.
8:21 of 2nd period - Shot Misses the Net.
8:23 of 2nd period - Shot by Travis Sanheim.
8:23 of 2nd period - Stopped by Joonas Korpisalo without a rebound.
8:24 of 2nd period - Auston Matthews wins face-off versus Connor McDavid in Rangers zone.
8:35 of 2nd period - Minor Penalty to Patrick Kane for Holding.
8:36 of 2nd period - Connor McDavid wins face-off versus Nick Shore in Canadiens zone.
8:52 of 2nd period - Off-side.
8:53 of 2nd period - Noel Acciari wins face-off versus Jakob Silfverberg in neutral zone.
9:00 of 2nd period - Shot by Nick Leddy.
9:00 of 2nd period - Shot Misses the Net.
9:24 of 2nd period - Shot by Matt Niskanen.
9:24 of 2nd period - Shot Misses the Net.
9:26 of 2nd period - Shot by Nick Leddy.
9:26 of 2nd period - Stopped by Tuukka Rask without a rebound.
9:27 of 2nd period - Connor McDavid wins face-off versus Nick Shore in Canadiens zone.
9:34 of 2nd period - Shot by Alexander Radulov.
9:34 of 2nd period - Shot Misses the Net.
9:36 of 2nd period - Shot by Dmitry Kulikov.
9:36 of 2nd period - Shot Blocked by Cam Fowler.
9:38 of 2nd period - Shot by Cam Atkinson.
9:38 of 2nd period - Shot Blocked by Cam Fowler.
9:40 of 2nd period - Shot by Alexander Radulov.
9:40 of 2nd period - Shot Blocked by Nate Schmidt.
9:42 of 2nd period - Shot by David Savard.
9:42 of 2nd period - Shot Blocked by Nate Schmidt.
9:54 of 2nd period - Shot by Alexander Radulov.
9:54 of 2nd period - Shot Blocked by Nate Schmidt.
9:56 of 2nd period - Shot by Dmitry Kulikov.
9:56 of 2nd period - Stopped by Tuukka Rask without a rebound.
9:57 of 2nd period - Jakob Silfverberg wins face-off versus Noel Acciari in Canadiens zone.
10:53 of 2nd period - Cal Clutterbuck is hit by Auston Matthews and loses puck.
10:54 of 2nd period - Cal Clutterbuck from Rangers is injured at 10:54 of 2nd period (Right Leg).
10:55 of 2nd period - Brandon Pirri wins face-off versus David Krejci in Rangers zone.
10:55 of 2nd period - Brandon Pirri is hit by Ilya Kovalchuk.
11:44 of 2nd period - Shot by Patrick Kane.
11:44 of 2nd period - Stopped by Joonas Korpisalo without a rebound.
11:45 of 2nd period - Connor McDavid wins face-off versus Auston Matthews in Rangers zone.
11:45 of 2nd period - Nick Leddy is hit by Auston Matthews and loses puck.
12:00 of 2nd period - Shot by Auston Matthews.
12:00 of 2nd period - Goal by Auston Matthews - Rangers : 2 - Canadiens : 2.
12:01 of 2nd period - Colin White wins face-off versus Cam Atkinson in neutral zone.
12:04 of 2nd period - Shot by Artturi Lehkonen.
12:04 of 2nd period - Shot Misses the Net.
12:05 of 2nd period - Minor Penalty to Erik Cernak for Roughing.
12:06 of 2nd period - Nick Bonino wins face-off versus Teuvo Teravainen in Rangers zone.
12:43 of 2nd period - Shot by Ivan Provorov.
12:43 of 2nd period - Stopped by Joonas Korpisalo without a rebound.
12:44 of 2nd period - Nick Bonino wins face-off versus David Krejci in Rangers zone.
12:44 of 2nd period - Nick Bonino is hit by David Krejci.
13:21 of 2nd period - Icing by Josh Morrissey.
13:22 of 2nd period - David Krejci wins face-off versus Nick Bonino in Canadiens zone.
13:51 of 2nd period - Shot by Teuvo Teravainen.
13:51 of 2nd period - Shot Hit the Post.
13:53 of 2nd period - Shot by Teuvo Teravainen.
13:53 of 2nd period - Stopped by Joonas Korpisalo without a rebound.
13:54 of 2nd period - Auston Matthews wins face-off versus Noel Acciari in Rangers zone.
14:15 of 2nd period - Shot by Artturi Lehkonen.
14:15 of 2nd period - Stopped by Joonas Korpisalo without a rebound.
14:16 of 2nd period - Nick Shore wins face-off versus Milan Lucic in Rangers zone.
14:42 of 2nd period - Off-side.
14:43 of 2nd period - Noel Acciari wins face-off versus Teuvo Teravainen in neutral zone.
14:55 of 2nd period - Teuvo Teravainen is hit by Nick Leddy and loses puck.
15:21 of 2nd period - Teuvo Teravainen is hit by Matt Niskanen and loses puck.
15:25 of 2nd period - Minor Penalty to Matt Niskanen for Tripping.
15:26 of 2nd period - David Krejci wins face-off versus Zach Hyman in Rangers zone.
15:41 of 2nd period - Shot by Cam Fowler.
15:41 of 2nd period - Shot Blocked by Dmitry Kulikov.
15:43 of 2nd period - Shot by Ilya Kovalchuk.
15:43 of 2nd period - Deflect By Jakob Silfverberg.
15:43 of 2nd period - Stopped by Joonas Korpisalo without a rebound.
15:44 of 2nd period - Nick Bonino wins face-off versus David Krejci in Rangers zone.
16:05 of 2nd period - Shot by David Krejci.
16:05 of 2nd period - Deflect By Jakob Silfverberg.
16:05 of 2nd period - Shot Blocked by David Savard.
16:09 of 2nd period - Shot by Nate Schmidt.
16:09 of 2nd period - Shot Misses the Net.
16:15 of 2nd period - Shot by Jakob Silfverberg.
16:15 of 2nd period - Stopped by Joonas Korpisalo without a rebound.
16:16 of 2nd period - Auston Matthews wins face-off versus Nick Bonino in Rangers zone.
16:17 of 2nd period - Shot by Ivan Provorov.
16:17 of 2nd period - Shot Blocked by David Savard.
16:19 of 2nd period - Shot by Teuvo Teravainen.
16:19 of 2nd period - Shot Blocked by David Savard.
16:23 of 2nd period - Shot by Cam Fowler.
16:23 of 2nd period - Shot Misses the Net.
16:25 of 2nd period - Shot by Ivan Provorov.
16:25 of 2nd period - Deflect By Auston Matthews.
16:25 of 2nd period - Shot Misses the Net.
16:27 of 2nd period - Shot by Teuvo Teravainen.
16:27 of 2nd period - Stopped by Joonas Korpisalo with a rebound.
16:43 of 2nd period - Shot by Auston Matthews.
16:43 of 2nd period - Shot Blocked by Nick Bonino.
16:45 of 2nd period - Shot by Ivan Provorov.
16:45 of 2nd period - Stopped by Joonas Korpisalo without a rebound.
16:46 of 2nd period - David Krejci wins face-off versus Noel Acciari in Rangers zone.
17:14 of 2nd period - Icing by Nate Schmidt.
17:15 of 2nd period - David Krejci wins face-off versus Nick Bonino in Canadiens zone.
17:42 of 2nd period - Shot by Noel Acciari.
17:42 of 2nd period - Stopped by Tuukka Rask without a rebound.
17:43 of 2nd period - Brandon Pirri wins face-off versus Valeri Nichushkin in Canadiens zone.
17:43 of 2nd period - Dmitry Kulikov is hit by Cam Fowler and loses puck.
18:00 of 2nd period - Shot by Valeri Nichushkin.
18:00 of 2nd period - Stopped by Joonas Korpisalo without a rebound.
18:01 of 2nd period - Teuvo Teravainen wins face-off versus Connor McDavid in Rangers zone.
18:05 of 2nd period - Teuvo Teravainen is hit by Erik Cernak and loses puck.
18:24 of 2nd period - Shot by Patrick Kane.
18:24 of 2nd period - Shot Blocked by Erik Cernak.
18:28 of 2nd period - Shot by Auston Matthews.
18:28 of 2nd period - Stopped by Joonas Korpisalo without a rebound.
18:29 of 2nd period - David Krejci wins face-off versus Noel Acciari in Rangers zone.
18:32 of 2nd period - Shot by Ilya Kovalchuk.
18:32 of 2nd period - Deflect By Jakob Silfverberg.
18:32 of 2nd period - Stopped by Joonas Korpisalo without a rebound.
18:33 of 2nd period - Noel Acciari wins face-off versus David Krejci in Rangers zone.
18:35 of 2nd period - Icing by Andrew Ladd.
18:36 of 2nd period - Andrew Ladd wins face-off versus David Krejci in Rangers zone.
19:01 of 2nd period - Shot by Nate Schmidt.
19:01 of 2nd period - Stopped by Joonas Korpisalo with a rebound.
19:36 of 2nd period - Shot by Auston Matthews.
19:36 of 2nd period - Shot Misses the Net.
Goals for this period are 1 for Rangers vs 1 for Canadiens.
Shots for this period are 11 for Rangers vs 18 for Canadiens.

3rd period


0:01 of 3rd period - Connor McDavid wins face-off versus David Krejci in neutral zone.
0:56 of 3rd period - Icing by Dmitry Kulikov.
0:57 of 3rd period - Auston Matthews wins face-off versus Noel Acciari in Rangers zone.
0:58 of 3rd period - Shot by Patrick Kane.
0:58 of 3rd period - Shot Misses the Net.
1:00 of 3rd period - Shot by Patrick Kane.
1:00 of 3rd period - Shot Misses the Net.
1:02 of 3rd period - Shot by Auston Matthews.
1:02 of 3rd period - Goal by Auston Matthews - Rangers : 2 - Canadiens : 3.
1:03 of 3rd period - Auston Matthews wins face-off versus Nick Bonino in neutral zone.
1:08 of 3rd period - Shot by Teuvo Teravainen.
1:08 of 3rd period - Stopped by Joonas Korpisalo with a rebound.
1:22 of 3rd period - Shot by Nick Bonino.
1:22 of 3rd period - Shot Blocked by Cam Fowler.
1:24 of 3rd period - Shot by Cam Atkinson.
1:24 of 3rd period - Stopped by Tuukka Rask with a rebound.
1:29 of 3rd period - Nick Bonino is hit by Cam Fowler and loses puck.
2:04 of 3rd period - Minor Penalty to Auston Matthews for Holding.
2:05 of 3rd period - Nick Shore wins face-off versus Noel Acciari in Canadiens zone.
2:05 of 3rd period - Nick Shore is hit by Noel Acciari.
2:18 of 3rd period - Shot by Noel Acciari.
2:18 of 3rd period - Stopped by Tuukka Rask without a rebound.
2:19 of 3rd period - Noel Acciari wins face-off versus Nick Shore in Canadiens zone.
2:22 of 3rd period - Shot by Noel Acciari.
2:22 of 3rd period - Shot Blocked by Josh Morrissey.
2:47 of 3rd period - Shot by Noel Acciari.
2:47 of 3rd period - Shot Misses the Net.
2:49 of 3rd period - Shot by Zach Hyman.
2:49 of 3rd period - Stopped by Tuukka Rask without a rebound.
2:50 of 3rd period - Cam Atkinson wins face-off versus Nick Shore in Canadiens zone.
3:01 of 3rd period - Shot by Cam Atkinson.
3:01 of 3rd period - Shot Misses the Net.
3:03 of 3rd period - Shot by Cam Atkinson.
3:03 of 3rd period - Deflect By Alexander Radulov.
3:03 of 3rd period - Stopped by Tuukka Rask with a rebound.
3:05 of 3rd period - Shot by Connor McDavid.
3:05 of 3rd period - Stopped by Tuukka Rask without a rebound.
3:06 of 3rd period - Connor McDavid wins face-off versus Jakob Silfverberg in Canadiens zone.
3:17 of 3rd period - Shot by Cam Atkinson.
3:17 of 3rd period - Shot Misses the Net.
3:19 of 3rd period - Shot by Cam Atkinson.
3:19 of 3rd period - Stopped by Tuukka Rask without a rebound.
3:20 of 3rd period - Nick Shore wins face-off versus Noel Acciari in Canadiens zone.
4:06 of 3rd period - Icing by Nick Bonino.
4:07 of 3rd period - Patrick Kane wins face-off versus Nick Bonino in Rangers zone.
5:27 of 3rd period - Shot by Jakob Silfverberg.
5:27 of 3rd period - Deflect By David Krejci.
5:27 of 3rd period - Shot Misses the Net.
7:16 of 3rd period - Off-side.
7:17 of 3rd period - Nick Bonino wins face-off versus Nick Shore in neutral zone.
7:28 of 3rd period - Shot by Alexander Radulov.
7:28 of 3rd period - Shot Misses the Net.
7:30 of 3rd period - Shot by Nick Bonino.
7:30 of 3rd period - Deflect By Alexander Radulov.
7:30 of 3rd period - Shot Misses the Net.
7:32 of 3rd period - Shot by Erik Cernak.
7:32 of 3rd period - Stopped by Tuukka Rask without a rebound.
7:33 of 3rd period - Auston Matthews wins face-off versus Nick Bonino in Canadiens zone.
7:33 of 3rd period - Auston Matthews is hit by Greg McKegg.
7:53 of 3rd period - Shot by Noel Acciari.
7:53 of 3rd period - Deflect By Nick Bonino.
7:53 of 3rd period - Stopped by Tuukka Rask with a rebound.
7:55 of 3rd period - Shot by Nick Leddy.
7:55 of 3rd period - Shot Misses the Net.
7:57 of 3rd period - Shot by Nick Leddy.
7:57 of 3rd period - Shot Misses the Net.
8:36 of 3rd period - Off-side.
8:37 of 3rd period - David Krejci wins face-off versus Connor McDavid in neutral zone.
9:40 of 3rd period - Shot by Travis Sanheim.
9:40 of 3rd period - Shot Blocked by Nick Leddy.
9:42 of 3rd period - Shot by Travis Sanheim.
9:42 of 3rd period - Shot Misses the Net.
9:44 of 3rd period - Shot by Valeri Nichushkin.
9:44 of 3rd period - Shot Misses the Net.
9:46 of 3rd period - Shot by Colin White.
9:46 of 3rd period - Shot Misses the Net.
9:48 of 3rd period - Shot by Valeri Nichushkin.
9:48 of 3rd period - Stopped by Joonas Korpisalo without a rebound.
9:49 of 3rd period - Nick Bonino wins face-off versus Nick Shore in Rangers zone.
9:54 of 3rd period - David Savard is hit by Tyson Jost and loses puck.
10:02 of 3rd period - Icing by Cam Atkinson.
10:03 of 3rd period - Auston Matthews wins face-off versus Nick Bonino in Rangers zone.
10:06 of 3rd period - Shot by Patrick Kane.
10:06 of 3rd period - Stopped by Joonas Korpisalo with a rebound.
10:20 of 3rd period - Shot by Cam Atkinson.
10:20 of 3rd period - Shot Misses the Net.
10:22 of 3rd period - Shot by Greg McKegg.
10:22 of 3rd period - Stopped by Tuukka Rask without a rebound.
10:23 of 3rd period - Brandon Pirri wins face-off versus David Krejci in Canadiens zone.
10:32 of 3rd period - Shot by Jakob Silfverberg.
10:32 of 3rd period - Shot Misses the Net.
11:17 of 3rd period - Matt Niskanen is hit by Josh Morrissey and loses puck.
11:43 of 3rd period - Icing by Josh Morrissey.
11:44 of 3rd period - Auston Matthews wins face-off versus Noel Acciari in Canadiens zone.
11:44 of 3rd period - Auston Matthews is hit by Noel Acciari.
11:51 of 3rd period - Minor Penalty to Greg Pateryn for Hooking.
11:52 of 3rd period - David Krejci wins face-off versus Nick Bonino in Rangers zone.
11:53 of 3rd period - Shot by Ivan Provorov.
11:53 of 3rd period - Shot Misses the Net.
11:55 of 3rd period - Shot by Ivan Provorov.
11:55 of 3rd period - Stopped by Joonas Korpisalo without a rebound.
11:56 of 3rd period - David Krejci wins face-off versus Nick Bonino in Rangers zone.
12:47 of 3rd period - Shot by Ivan Provorov.
12:47 of 3rd period - Shot Blocked by Nick Leddy.
12:53 of 3rd period - Shot by Ivan Provorov.
12:53 of 3rd period - Stopped by Joonas Korpisalo without a rebound.
12:54 of 3rd period - Nick Bonino wins face-off versus Auston Matthews in Rangers zone.
13:05 of 3rd period - Shot by Ivan Provorov.
13:05 of 3rd period - Stopped by Joonas Korpisalo without a rebound.
13:06 of 3rd period - Noel Acciari wins face-off versus Auston Matthews in Rangers zone.
13:19 of 3rd period - Shot by Teuvo Teravainen.
13:19 of 3rd period - Shot Misses the Net.
13:21 of 3rd period - Shot by Teuvo Teravainen.
13:21 of 3rd period - Shot Misses the Net.
13:23 of 3rd period - Shot by Auston Matthews.
13:23 of 3rd period - Shot Misses the Net.
13:25 of 3rd period - Shot by Auston Matthews.
13:25 of 3rd period - Shot Blocked by David Savard.
13:27 of 3rd period - Shot by Ivan Provorov.
13:27 of 3rd period - Shot Misses the Net.
13:29 of 3rd period - Shot by Ivan Provorov.
13:29 of 3rd period - Shot Misses the Net.
13:31 of 3rd period - Shot by Ivan Provorov.
13:31 of 3rd period - Stopped by Joonas Korpisalo without a rebound.
13:32 of 3rd period - Nick Bonino wins face-off versus David Krejci in Rangers zone.
13:32 of 3rd period - Nick Bonino is hit by Jakob Silfverberg.
13:59 of 3rd period - Shot by Valeri Nichushkin.
13:59 of 3rd period - Stopped by Joonas Korpisalo without a rebound.
14:00 of 3rd period - Nick Shore wins face-off versus Connor McDavid in Rangers zone.
14:01 of 3rd period - Shot by Tyson Jost.
14:01 of 3rd period - Shot Misses the Net.
14:03 of 3rd period - Shot by Nick Shore.
14:03 of 3rd period - Stopped by Joonas Korpisalo without a rebound.
14:04 of 3rd period - Auston Matthews wins face-off versus Noel Acciari in Rangers zone.
15:01 of 3rd period - Icing by Matt Niskanen.
15:02 of 3rd period - David Krejci wins face-off versus Noel Acciari in Rangers zone.
16:18 of 3rd period - Ivan Provorov is hit by Greg McKegg and loses puck.
16:24 of 3rd period - Greg McKegg is hit by Ivan Provorov and loses puck.
16:31 of 3rd period - Shot by Nick Bonino.
16:31 of 3rd period - Shot Misses the Net.
16:33 of 3rd period - Shot by Nick Bonino.
16:33 of 3rd period - Stopped by Tuukka Rask without a rebound.
16:34 of 3rd period - Auston Matthews wins face-off versus Brandon Pirri in Canadiens zone.
16:43 of 3rd period - Shot by Patrick Kane.
16:43 of 3rd period - Shot Misses the Net.
16:45 of 3rd period - Shot by Patrick Kane.
16:45 of 3rd period - Stopped by Joonas Korpisalo without a rebound.
16:46 of 3rd period - Connor McDavid wins face-off versus Nick Shore in Rangers zone.
16:54 of 3rd period - Off-side.
16:55 of 3rd period - Noel Acciari wins face-off versus Colin White in neutral zone.
17:10 of 3rd period - Icing by Nick Leddy.
17:11 of 3rd period - Noel Acciari wins face-off versus Auston Matthews in Rangers zone.
17:11 of 3rd period - Noel Acciari is hit by Teuvo Teravainen.
17:22 of 3rd period - Icing by Cam Atkinson.
17:23 of 3rd period - Colin White wins face-off versus Noel Acciari in Rangers zone.
17:23 of 3rd period - Colin White is hit by Matt Niskanen.
17:34 of 3rd period - Icing by Nick Leddy.
17:35 of 3rd period - Noel Acciari wins face-off versus Auston Matthews in Rangers zone.
17:55 of 3rd period - Cam Fowler is hit by Noel Acciari.
17:58 of 3rd period - Icing by Teuvo Teravainen.
17:59 of 3rd period - Connor McDavid wins face-off versus Auston Matthews in Canadiens zone.
18:20 of 3rd period - Shot by Connor McDavid.
18:20 of 3rd period - Stopped by Tuukka Rask without a rebound.
18:21 of 3rd period - Nick Bonino wins face-off versus Colin White in Canadiens zone.
18:37 of 3rd period - Ivan Provorov is hit by Greg McKegg and loses puck.
18:43 of 3rd period - Josh Morrissey is hit by Greg Pateryn and loses puck.
18:51 of 3rd period - Minor Penalty to Erik Cernak for Elbowing.
18:52 of 3rd period - Nick Bonino wins face-off versus David Krejci in Rangers zone.
19:03 of 3rd period - Nick Bonino is hit by Ilya Kovalchuk and loses puck.
19:57 of 3rd period - Shot by Patrick Kane.
19:57 of 3rd period - Deflect By Auston Matthews.
19:57 of 3rd period - Shot Blocked by Dmitry Kulikov.
19:59 of 3rd period - Shot by Josh Morrissey.
19:59 of 3rd period - Stopped by Joonas Korpisalo without a rebound.
Goals for this period are 0 for Rangers vs 1 for Canadiens.
Shots for this period are 11 for Rangers vs 12 for Canadiens.